 Dungeon Crawl Stone Soup version 0.29.1-2-gbd0b4ee654 (webtiles) character file.

Game seed: 18076600227001112739

32 nshep25 the Covered (level 3, -1/33 HPs)
             Began as a Minotaur Fighter on Oct 26, 2022.
             Slain by Sigmund
             ... wielding a +0 scythe
              (4 damage)
             ... on level 2 of the Dungeon.
             The game lasted 00:02:03 (1451 turns).

nshep25 the Covered (Minotaur Fighter)              Turns: 1451, Time: 00:02:04

Health: -1/33      AC:  7    Str: 28    XL:     3   Next: 10%
Magic:  2/2        EV:  9    Int:  5    God:
Gold:   72         SH:  5    Dex: 15    Spells: 2/2 levels left

rFire   . . .      SeeInvis .   a - +0 war axe
rCold   . . .      Faith    .   c - +0 buckler
rNeg    . . .      Spirit   .   b - +0 scale mail
rPois   .          Reflect  .   (helmet restricted)
rElec   .          Harm     .   (no cloak)
rCorr   .          Rampage  .   (no gloves)
Will    .....                   (no boots)
Stlth   ..........              (no amulet)
HPRegen 0.11/turn               i - +6 ring of strength
MPRegen 0.08/turn               p - +6 ring of dexterity

@: no status effects
A: horns 2, retaliatory headbutt
a: no special abilities


You were on level 2 of the Dungeon.
You visited 1 branch of the dungeon, and saw 2 of its levels.

You collected 72 gold pieces.

Inventory:

Hand Weapons
 a - a +0 war axe (weapon)
Missiles
 n - 6 boomerangs of dispersal (quivered)
Armour
 b - a +0 scale mail (worn)
 c - a +0 buckler (worn)
Jewellery
 i - a +6 ring of strength (left hand)
 p - a +6 ring of dexterity (right hand)
Scrolls
 e - a scroll of identify {unknown}
 f - a scroll of noise {unknown}
 j - a scroll of fear {unknown}
 k - 2 scrolls of teleportation {unknown}
 l - 2 scrolls of poison {unknown}
 o - 2 scrolls of blinking {unknown}
 q - a scroll of torment {unknown}
 r - a scroll of fog {unknown}
Potions
 d - a potion of might
 g - a potion of curing {unknown}
 h - 2 potions of heal wounds {unknown}
 m - a potion of mutation {unknown}


   Skills:
 * Level 4.1 Fighting
 * Level 2.8 Axes
 + Level 4.1 Armour
 + Level 0.1 Dodging
 + Level 4.0 Shields


You had 2 spell levels left.
You didn't know any spells.
Your spell library was empty.

Dungeon Overview and Level Annotations

Branches:
Dungeon (2/15)

Altars:
Ru

Annotations:
D:2 Sigmund


Innate Abilities, Weirdness & Mutations

You have a pair of horns on your head.
You reflexively headbutt those who attack you in melee.


Message History

You block the giant cockroach zombie's attack.
You slash the giant cockroach zombie!
You destroy the giant cockroach zombie!
Found a scroll labelled ZUMIS VUNEWK.
You slash the withered plant!
The withered plant begins to crumble.
The withered plant is lightly damaged.
You slash the withered plant!
The withered plant begins to crumble.
You headbutt the withered plant!
The withered plant is lightly damaged.
You hit the withered plant.
The withered plant crumbles away.
q - a scroll labelled ZUMIS VUNEWK The withered plant crumbles away.
You open the door.
There is an open door here.
There is an open door here.
There is an open door here.
You enter the shallow water.
Moving in this stuff is going to be slow.
r - a scroll labelled DONLEO ITZOF You see here a hobgoblin skeleton.
There is a stone staircase leading down here.
Sigmund the Dreaded comes into view.
He is wielding a +0 scythe.
Sigmund moves out of view.
Sigmund closely misses you. Sigmund hits you but does no damage.
Sigmund gestures wildly while chanting.
Sigmund flickers and vanishes!
Deactivating autopickup; reactivate with Ctrl-A.
You miss something. Something hits you.
You hit something but do no damage. Something hits you but does no damage.
You hit something but do no damage. You headbutt something. Something hits you.
You closely miss something. Something hits you!
You closely miss something. Something hits you.
You closely miss something.
You hear some strange, mumbled words.
A puff of flame appears from out of thin air!
The puff of flame hits you!
* * * LOW HITPOINT WARNING * * *
Something hits you.
You die...

### ### ### ...# ..#
#########.###.... #.#
##.............. . #.# #...#
#.....#####. #.# #####...###
#......#... #.# #.........#
##.###.#.#. #.## #......$..# #.#
#..... #..# #.....@..^# #.# ###.##
##.# ##.##{..### ##'## #.#. #.#
#>##...# ##...## #.#. ##.#
#.###### ##.....###... .#.#
#.#.######.......####.
...#########...........>.....###.
รท............................+...
...########.....####.........###.
.### #.......###............


There were no monsters in sight!

Vanquished Creatures
  An adder skeleton (D:2)
  2 dart slugs (D:2)
  2 ball pythons
  A bat (D:1)
  An endoplasm (D:1)
  A giant cockroach (D:1)
  A goblin (D:1)
  4 hobgoblins
  A quokka (D:1)
  2 frilled lizards
  A giant cockroach zombie (D:2)
  6 kobolds
  A quokka zombie (D:2)
  A rat (D:1)
25 creatures vanquished.

Vanquished Creatures (others)
  2 withered plants (D:2)
2 creatures vanquished.

Grand Total: 27 creatures vanquished

Notes
Turn   | Place    | Note
-------+----------+-------------------------------------------
     0 | D:1      | nshep25 the Minotaur Fighter began the quest for the Orb.
     0 | D:1      | Reached XP level 1. HP: 19/19 MP: 0/0
   271 | D:1      | Found a faded altar of an unknown god.
   424 | D:1      | Reached XP level 2. HP: 27/27 MP: 1/1
   910 | D:2      | Found a sacrificial altar of Ru.
  1140 | D:2      | Reached XP level 3. HP: 30/33 MP: 2/2
  1440 | D:2      | Noticed Sigmund
  1451 | D:2      | Slain by Sigmund

Illustrated notes

Levels and vault maps discovered:
D:1:      shiori_arrival_oz, layout_basic,
          shapermc_ecumenical_altar_totnotflames
D:2:      layout_loops_corners, basic_altar, serial_undead, serial_undead_e,
          serial_undead_a, serial_undead_f, serial_undead_e, serial_undead_d,
          serial_undead_a, serial_undead_f, serial_undead_b, uniq_sigmund

Skill      XL: |  1  2 |
---------------+-------+-----
Armour         | 4 |  4.1
Fighting       | 4 |  4.1
Shields        | 4 |  4.0
Axes           | |  2.8
Dodging        | |  0.1

Action                   || total
-------------------------++-------
Melee: War axe           ||    68
       Headbutt          ||     6
Armor: Scale mail        ||    32
Dodge: Dodged            ||    25
Block: Buckler           ||    18
